 Dungeon Crawl Stone Soup version 0.26-a0-950-g52035dc9a5 (webtiles) character file.

Game seed: 3223282657099577457

4615 Descartes the Grappler (level 10, -16/88 HPs)
             Began as a Troll Monk on Nov 29, 2020.
             Shot with a bolt by an orc warrior (26 damage)
             ... in a bailey.
             The game lasted 00:13:52 (5765 turns).

Descartes the Grappler (Troll Monk)                 Turns: 5765, Time: 00:13:52

Health: -16/88     AC:  9    Str: 21 (22) XL:     10   Next: 19%
Magic:  9/9        EV: 17    Int:  6      God:
Gold:   384        SH:  0    Dex: 12 (14) Spells: 9/9 levels left

rFire    . . .     SeeInvis .     - Unarmed
rCold    . . .     Faith    .   (no shield)
rNeg     . . .     Spirit   .   a - +0 robe
rPois    .         Reflect  .   f - +2 hat {MR+}
rElec    .         Harm     .   s - +0 cloak
rCorr    .         Rampage  .   (gloves unavailable)
MR       ++...                  (boots unavailable)
Stlth    ++........             q - amulet of magic regeneration
HPRegen  0.64/turn              e - ring of protection from magic
MPRegen  0.36/turn              g - +4 ring of evasion

@: no status effects
A: large, unfitting armour, claws 3, talons 1, deterioration 2, regeneration 1,
shaggy fur 1, tough skin 3, sturdy frame 1
a: no special abilities


You were in a bailey.
You visited 2 branches of the dungeon, and saw 9 of its levels.
You also visited: Bailey.

You collected 483 gold pieces.
You spent 99 gold pieces at shops.

Inventory:

Missiles
 i - 40 poisoned darts
 p - 4 boomerangs (quivered)
 D - a throwing net
Armour
 a - a +0 robe (worn)
 f - a +2 hat of magic resistance (worn)
 s - a +0 cloak (worn)
Jewellery
 e - a ring of protection from magic (left claw)
 g - a +4 ring of evasion (right claw)
 h - a +6 ring of dexterity {unknown}
 l - an uncursed ring of flight
 q - an amulet of magic regeneration (around neck)
 C - an uncursed ring of positive energy
Wands
 u - a wand of flame (40)
 x - a wand of disintegration (24)
 A - a wand of random effects (10)
Scrolls
 b - a scroll of fog
 c - 4 scrolls of enchant weapon
 m - 7 scrolls of remove curse
 o - 6 scrolls of teleportation
 t - 2 scrolls of enchant armour
 w - a scroll of identify
 B - a scroll of immolation
Potions
 d - a potion of resistance
 j - a potion of invisibility
 k - 4 potions of curing


   Skills:
 - Level 2.4 Fighting
 + Level 7.7 Dodging
 - Level 1.0 Stealth
 * Level 12.3 Unarmed Combat


You had 9 spell levels left.
You didn't know any spells.
Your spell library was empty.

Dungeon Overview and Level Annotations

Branches:
Dungeon (8/15)             Temple (1/1) D:4          Bailey (1/1)
   Lair: D:8-11

Altars:
Ashenzari
Cheibriados
Dithmenos
Elyvilon
Fedhas
Gozag
Hepliaklqana
Kikubaaqudgha
Makhleb
Nemelex Xobeh
Okawaru
Qazlal
Ru
Sif Muna
Trog
Uskayaw
Vehumet
Wu Jian
Xom
Yredelemnul
Zin
The Shining One

Shops:
D:4 [

Annotations:
D:7 Maggie


Innate Abilities, Weirdness & Mutations

You are too large for most types of armour.
You have claws for hands.
Your natural rate of healing is unusually fast.
You are covered in fur. (AC +1)
You have extremely tough skin. (AC +3)
You have sharp toenails.
Your body often deteriorates upon taking damage.
Your movements are slightly less encumbered by armour. (ER -2)


Message History

You are too injured to fight recklessly!
You are too injured to fight recklessly!
You are too injured to fight recklessly!
You are too injured to fight recklessly!
You are too injured to fight recklessly!
You are too injured to fight recklessly!
You are too injured to fight recklessly!
You are too injured to fight recklessly!
You are too injured to fight recklessly!
You are too injured to fight recklessly!
You are too injured to fight recklessly!
You are too injured to fight recklessly!
The orc warrior shoots a bolt.
The bolt misses you.
The orc warrior shoots a bolt.
The bolt completely misses you.
The orc warrior shoots a bolt.
The bolt hits you!
* * * LOW HITPOINT WARNING * * *
You see here a bolt.
The orc warrior barely misses you.
The orc warrior shoots a bolt.
The bolt hits you!!
You die...

### ###### ##∩#########
##.....##.∩.##.....## =
#..≈≈≈..#(.(#..≈≈≈..# ..
#.≈≈o≈≈..@.().≈≈.≈≈.#...
+.≈.oo≈(o.(.).≈)∩.≈.'..
#.≈≈.≈≈.....).≈≈.≈≈.#
#..≈≈≈).#...#..≈≈≈..#
##.....##...##(..).##
###### ##∩######### ###


You could see an orc knight, 2 orc warriors and an orc (strong).

Vanquished Creatures
  2 orc knights (Bailey)
  A gargoyle (D:6)
  Grinder (D:4)
  Menkaure (D:4)
  Edmund (D:4)
  9 orc warriors
  A black bear (D:8)
  2 sky beasts
  3 phantoms
  2 ogres
  A centaur (D:6)
  2 bullfrogs (D:7)
  2 scorpions
  10 killer bees (D:8)
  A howler monkey (D:4)
  A hound (D:6)
  A bullfrog zombie (D:8)
  2 jellies
  An orc priest (D:6)
  A centaur skeleton (D:3)
  3 orc wizards (D:8)
  2 worker ants
  Ijyb (D:4)
  2 hound skeletons
  9 adders
  19 gnolls
  A shadow imp (D:5)
  2 ufetubi (D:6)
  2 adder skeletons (D:6)
  A worm (D:2)
  4 dart slugs
  2 leopard geckos
  18 orcs
  3 giant cockroaches
  5 goblins
  5 hobgoblins
  2 jackals (D:7)
  3 quokkas
  11 bats
  8 frilled lizards
  7 kobolds
  8 rats
163 creatures vanquished.

Notes
Turn   | Place    | Note
-------+----------+-------------------------------------------
     0 | D:1      | Descartes the Troll Monk began the quest for the Orb.
     0 | D:1      | Reached XP level 1. HP: 22/22 MP: 0/0
   204 | D:1      | Reached XP level 2. HP: 29/29 MP: 1/1
   947 | D:2      | Reached skill level 4 in Unarmed Combat
   947 | D:2      | Reached XP level 3. HP: 36/36 MP: 2/2
  1016 | D:2      | Reached XP level 4. HP: 24/44 MP: 3/3
  1502 | D:2      | Reached skill level 5 in Unarmed Combat
  1502 | D:2      | Reached XP level 5. HP: 50/50 MP: 4/4
  1757 | D:3      | Found a faded altar of an unknown god.
  2213 | D:3      | Found a glowing silver altar of Zin.
  2215 | D:3      | Found a sacrificial altar of Ru.
  2215 | D:3      | Found a radiant altar of Vehumet.
  2217 | D:3      | Found a shimmering altar of Xom.
  2217 | D:3      | Found a broken altar of Ashenzari.
  2217 | D:3      | Found a shimmering altar of Xom.
  2361 | D:4      | Found Ygefres's Antique Armour Shop.
  2367 | D:4      | Bought a cloak for 99 gold pieces
  2386 | D:4      | Gained mutation: You are clumsy. (Dex -2) [potion of
                  | mutation]
  2386 | D:4      | Gained mutation: You are resistant to electric shocks.
                  | (rElec) [potion of mutation]
  2395 | D:4      | Reached XP level 6. HP: 59/59 MP: 5/5
  2410 | D:4      | Noticed Edmund
  2433 | D:4      | Killed Edmund
  2434 | D:4      | Reached skill level 6 in Unarmed Combat
  2508 | D:4      | Lost mutation: You are clumsy. (Dex -2) [potion of
                  | mutation]
  2508 | D:4      | Lost mutation: You are resistant to electric shocks.
                  | (rElec) [potion of mutation]
  2508 | D:4      | Gained mutation: Your body sometimes deteriorates upon
                  | taking damage. [potion of mutation]
  2508 | D:4      | Gained mutation: Your body often deteriorates upon taking
                  | damage. [potion of mutation]
  2508 | D:4      | Gained mutation: You have sharp toenails. [potion of
                  | mutation]
  2508 | D:4      | Gained mutation: Your movements are slightly less
                  | encumbered by armour. (ER -2) [potion of mutation]
  2528 | D:4      | Noticed Grinder
  2539 | D:4      | Reached XP level 7. HP: 64/66 MP: 6/6
  2542 | D:4      | Killed Grinder
  2543 | D:4      | Reached skill level 7 in Unarmed Combat
  2647 | D:4      | Noticed Ijyb
  2654 | D:4      | Killed Ijyb
  2827 | D:4      | Found a staircase to the Ecumenical Temple.
  2945 | Temple   | Entered the Ecumenical Temple
  3174 | D:4      | Noticed Menkaure
  3178 | D:4      | Killed Menkaure
  3303 | D:5      | Entered Level 5 of the Dungeon
  3736 | D:5      | Reached skill level 5 in Dodging
  3736 | D:5      | Reached skill level 8 in Unarmed Combat
  4033 | D:6      | Found a hide-covered altar of Uskayaw.
  4159 | D:6      | Reached XP level 8. HP: 58/74 MP: 7/7
  4338 | D:6      | Found an ornate altar of the Wu Jian Council.
  4415 | D:6      | Found a basalt altar of Yredelemnul.
  4427 | D:6      | Found a blossoming altar of Fedhas.
  4483 | D:6      | Found a white marble altar of Elyvilon.
  4496 | D:6      | Found a shimmering altar of Xom.
  4566 | D:6      | Reached skill level 9 in Unarmed Combat
  4665 | D:6      | Noticed a gargoyle
  4673 | D:6      | Killed a gargoyle
  5042 | D:7      | Reached skill level 10 in Unarmed Combat
  5051 | D:7      | Noticed Maggie
  5052 | D:7      | Reached XP level 9. HP: 80/80 MP: 8/8
  5055 | D:7      | You fall into a shaft and drop 1 floor!
  5459 | D:8      | Identified a scroll of acquirement
  5459 | D:8      | Acquired a +1 hat of magic resistance
  5496 | D:8      | Reached skill level 11 in Unarmed Combat
  5559 | D:8      | Found a flagged portal.
  5565 | Bailey   | Entered a bailey
  5566 | Bailey   | Noticed an orc knight
  5574 | Bailey   | Noticed an orc knight
  5676 | Bailey   | Killed an orc knight
  5681 | Bailey   | Reached XP level 10. HP: 88/88 MP: 9/9
  5686 | Bailey   | Reached skill level 12 in Unarmed Combat
  5723 | Bailey   | Noticed an orc knight
  5733 | Bailey   | Killed an orc knight
  5765 | Bailey   | Shot with a bolt by an orc warrior

Illustrated notes

Levels and vault maps discovered:
D:1:      dpeg_arrival_signposts, layout_basic, serial_rivers,
          chequers_serial_rivers_room_a, chequers_serial_rivers_large_b,
          chequers_serial_rivers_large_a, chequers_serial_rivers_marsh,
          chequers_serial_rivers_small_3, chequers_serial_rivers_marsh,
          chequers_garden, minmay_tromino_v4_c
D:2:      layout_loops_ring, minivault_24
D:3:      layout_loops_ring, chequers_ecumenical_altar_simple,
          doesnt_xom_only_xom
D:4:      layout_basic, temple_fountains, serial_shops, nicolae_shop_waterfront,
          minmay_splitting_lines, uniq_grinder, uniq_ijyb, uniq_menkaure,
          uniq_edmund
D:5:      layout_layer_cave
D:6:      layout_layer_cave, nicolae_overflow_quartered_altars,
          old_standard_altar, basic_altar
D:7:      layout_basic, grunt_decor_resistance, uniq_maggie
D:8:      layout_loops_ring, enter_bailey_2, kennysheep_generic_room_5
Temple:   minmay_crystal_spiral_temple
Bailey:   bailey_polearm_4, bailey

Skill      XL: |  1  2  3  4  5  6  7  8  9 10 |
---------------+-------------------------------+-----
Unarmed Combat | 4 5 6 8 10 11 12 | 12.3
Dodging        | 3 4 5 6 7 |  7.7
Fighting       | |  2.4
Stealth        | |  1.0

Action                   |  1- 3 |  4- 6 |  7- 9 | 10-12 || total
-------------------------+-------+-------+-------+-------++-------
Melee: Unarmed           |    62 |   154 |   207 |    14 ||   437
       Punch             |       |     5 |     5 |     1 ||    11
       Kick              |       |     3 |    45 |     5 ||    53
Throw: Boomerang         |       |       |    36 |       ||    36
Evoke: Wand              |       |       |     7 |     6 ||    13
  Use: Scroll            |     4 |     3 |     7 |       ||    14
       Potion            |       |     2 |     3 |     1 ||     6
 Stab: Sleeping          |     3 |     2 |     1 |       ||     6
       Distracted        |       |       |     1 |       ||     1
Armor: Robe              |    17 |    34 |    48 |       ||    99
Dodge: Dodged            |    30 |   112 |   167 |    11 ||   320

Table legend: (Time is in decaauts)
 A = Elapsed time spent in this place.
 B = Non-inter-level travel time spent in this place.
 C = Inter-level travel time spent in this place.
 D = Time resting spent in this place.
 E = Time spent auto-exploring this place.
 F = Levels seen in this place.
 G = Mean time per level.
                   A        B        C        D        E       F      G
               +--------+--------+--------+--------+--------+-----+--------+
         Total |   5770 |   5470 |    300 |     18 |   4383 |  10 |  577.0 |
       Dungeon |   5394 |   5178 |    216 |      3 |   4240 |   8 |  674.2 |
        Temple |    170 |     86 |     84 |      0 |     83 |   1 |  170.0 |
        Bailey |    205 |    205 |      0 |     15 |     60 |   1 |  205.0 |
               +--------+--------+--------+--------+--------+-----+--------+

Top non-repeatable levels by time:
     D:6: 989 daAuts
     D:1: 985 daAuts
     D:4: 804 daAuts
     D:5: 724 daAuts
     D:3: 705 daAuts
     D:2: 664 daAuts
     D:8: 502 daAuts
  Bailey: 205 daAuts
  Temple: 170 daAuts
     D:7: 19 daAuts
